 Dungeon Crawl Stone Soup version 0.30-a0-924-g0ad0bf95bc (webtiles) character file.

Game seed: 12053214044351755354

30 ZeroWinrate the Firebug (level 3, -7/31 HPs)
             Began as an Ogre Fire Elementalist on Mar 22, 2023.
             Killed by an exploding Terence (29 damage)
             ... ignited by their inner flame
             ... on level 2 of the Dungeon.
             The game lasted 00:01:46 (1329 turns).

ZeroWinrate the Firebug (Ogre Fire Elementalist)    Turns: 1329, Time: 00:01:46

Health: -7/31      AC:  3    Str: 10 (12) XL:     3   Next: 20%
Magic:  2/7        EV:  9    Int: 15 (18) God:
Gold:   43         SH:  0    Dex:  7 (9)  Spells: 1/7 levels left

rFire   . . .      SeeInvis .    (no weapon)
rCold   . . .      Faith    .    (no shield)
rNeg    . . .      Spirit   .    a - +0 robe
rPois   .          Reflect  .    (helmet restricted)
rElec   .          Rampage  .    (no cloak)
rCorr   .                        (gloves unavailable)
Will    .....                    (boots unavailable)
Stlth   +                        (no amulet)
HPRegen 0.25/turn                (no ring)
MPRegen 0.10/turn                (no ring)

@: no status effects
A: large, unfitting armour, tough skin 1
a: no special abilities


You were on level 2 of the Dungeon.
You visited 1 branch of the dungeon, and saw 2 of its levels.

You collected 43 gold pieces.

Inventory:

Armour
 a - a +0 robe (worn)
Potions
 b - a potion of magic


   Skills:
 - Level 1.7 Dodging
 - Level 1.4 Stealth
 + Level 0.4 Unarmed Combat
 + Level 2.9 Spellcasting
 + Level 1.0 Conjurations
 + Level 3.4 Fire Magic


You had one spell level left.
You knew the following spells:

 Your Spells              Type           Power      Damage    Failure   Level
a - Foxfire               Conj/Fire      32%        2x1d5     9%          1
b - Scorch                Fire           24%        2d6       8%          2
c - Inner Flame           Hex/Fire       7%         N/A       30%         3

Your spell library contained the following spells:

 Spells                   Type           Power      Damage    Failure   Level
 Kindle Blastsparks       Fire/Tloc/Air  10%        2d10      36%         3
 Flame Wave               Conj/Fire      8%         2d5       63%         4


Dungeon Overview and Level Annotations

Branches:
Dungeon (2/15)

Altars:


Innate Abilities, Weirdness & Mutations

You are too large for most types of armour.
You have tough skin. (AC +1)


Message History

Terence says, "How do you enjoy it?" Terence attacks as you move away!
Terence hits you with a +0 hand axe.
Casting: Scorch (safe; 6% risk of failure)
Confirm with . or Enter, or press ? or * to list all spells.
You conjure some foxfire!
Terence hits you but does no damage.
Terence hits your foxfire with a +0 hand axe.
Terence closely misses your foxfire.
Terence is no longer more vulnerable to fire.
The foxfire hits Terence.
Terence is severely wounded.
The foxfire hits Terence.
Terence is severely wounded.
Terence hits you with a +0 hand axe.
* * * LOW HITPOINT WARNING * * *
The air fills with toxic fumes!
As you read the scroll labelled HICZAS NIUPOEC, it crumbles to dust.
It was a scroll of poison.
Terence hits you with a +0 hand axe.
* * * LOW HITPOINT WARNING * * *
As you read the scroll labelled FUJAUG HEHIELO, it crumbles to dust.
The creatures around you are filled with an inner flame!
It was a scroll of immolation.
Terence barely misses you.
Unknown command.
Really walk into that cloud of poison gas?
Okay, then.
It was a potion of heal wounds.
You feel much better. Terence hits you with a +0 hand axe.
It was a potion of degeneration.
There was something very wrong with that liquid.
You feel weakened.
You feel dopey.
You feel clumsy. Terence closely misses you.
Okay, then.
You aren't carrying any scrolls.
Okay, then.
Casting: Foxfire (safe; 9% risk of failure)
Confirm with . or Enter, or press ? or * to list all spells.
Flames lash Terence.
Terence explodes!
The fiery explosion engulfs you!!
Ouch! That really hurt!
You die...

##............##
##########....#§§§§§§§§#
# #....#§§§§§§§§# #
#####....#§§§§§§§§#
#........#§§§§§§§§#
#........#§§§§§§§§#
#......###§§§§§§§§#
#......##§§§§§§§§§#
#......##§§@§§§§§§#
#...§§§§§§#§#+#####
#...§§§##.§§§.#
#...§...#§#§§§..#
##+#+##.#§#####.# .#.# #
.... ##.# [.#


There were no monsters in sight!

Vanquished Creatures
  Terence (D:2)
  A dart slug (D:1)
  4 bats
  2 endoplasms
  2 giant cockroaches (D:1)
  3 goblins (D:1)
  4 hobgoblins (D:1)
  3 kobolds (D:1)
  A quokka (D:1)
  A ball python (D:1)
  2 frilled lizards
  2 rats (D:1)
26 creatures vanquished.

Vanquished Creatures (others)
  46 foxfires
46 creatures vanquished.

Grand Total: 72 creatures vanquished

Notes
Turn   | Place    | Note
-------+----------+-------------------------------------------
     0 | D:1      | ZeroWinrate the Ogre Fire Elementalist began the quest for
                  | the Orb.
     0 | D:1      | Reached XP level 1. HP: 16/16 MP: 3/3
   154 | D:1      | Reached skill level 3 in Fire Magic
   222 | D:1      | Reached XP level 2. HP: 24/24 MP: 3/5
   792 | D:1      | Reached XP level 3. HP: 31/31 MP: 5/7
   795 | D:1      | Learned a level 2 spell: Scorch
   799 | D:1      | Learned a level 3 spell: Inner Flame
   943 | D:1      | Reached skill level 1 in Conjurations
  1316 | D:2      | Noticed Terence
  1329 | D:2      | Killed Terence
  1329 | D:2      | Killed by an exploding Terence... ignited by their inner
                  | flame

Illustrated notes

Levels and vault maps discovered:
D:1:      amcnicky_arrival_underground_garden, layout_loops_ring
D:2:      layout_basic, dreamdust_mushroom_princess, minmay_puff, uniq_terence

Skill      XL: |  1  2  3 |
---------------+----------+-----
Fire Magic     | 3 |  3.4
Conjurations   | 1 |  1.0
Dodging        | |  1.7
Stealth        | |  1.4
Unarmed Combat | |  0.4
Spellcasting   | |  2.9

Action                     || total
---------------------------++-------
  Melee: Unarmed           ||    55
   Cast: Foxfire           ||    32
         Scorch            ||     6
    Use: Scroll            ||     2
         Potion            ||     2
 Armour: Robe              ||    21
  Dodge: Dodged            ||    36

Table legend: (Time is in decaauts)
 A = Elapsed time spent in this place.
 B = Non-inter-level travel time spent in this place.
 C = Inter-level travel time spent in this place.
 D = Time resting spent in this place.
 E = Time spent auto-exploring this place.
 F = Levels seen in this place.
 G = Mean time per level.
                   A        B        C        D        E       F      G
               +--------+--------+--------+--------+--------+-----+--------+
         Total |   1328 |   1311 |     17 |      0 |   1098 |   2 |  664.0 |
       Dungeon |   1328 |   1311 |     17 |      0 |   1098 |   2 |  664.0 |
               +--------+--------+--------+--------+--------+-----+--------+

Top non-repeatable levels by time:
     D:1: 1165 daAuts
     D:2: 162 daAuts
